AoeStats
← E-d-d-i-e91G

Oasis

509841449Analyzed
2v2 RM · 5d ago on Sep 28, 2026· 35m 59s· 4 players
Game mode
Random Map
Map size
Medium (4 player)
Population
200
Speed
Normal
Resources
Standard
Victory
Conquest
Starting age
Dark Age
Ending age
Imperial Age
RankedLock teamsTeams togetherTeam positionsShared explorationLock speedFull tech treeHidden civsTurbo modeCheats
Victory
Defeat
🇯🇵 Varangians · Japan
460
+13
🇫🇮 Poles · Finland
452
+14
🇦🇺 Goths · Australia
402
-14
🇦🇺 Shu · Australia
398
-13
E-d-d-i-e91G
12:03 Feudal Age
16:56 Loom
17:50 Wheelbarrow
17:13 Horse Collar
18:15 Double-Bit Axe
23:55 Stone Mining
25:57 Town Watch
27:23 Fletching
27:34 Padded Archer Armor
33:53 Castle Age
35:19 Thumb Ring
35:31 Thumb Ring
IAMASTROMAN9714
15:03 Feudal Age
14:39 Loom
17:38 Double-Bit Axe
18:39 Wheelbarrow
19:19 Gold Mining
19:17 Man-at-Arms
23:06 Horse Collar
28:45 Castle Age
27:07 Scale Mail Armor
27:30 Forging
28:56 Long Swordsman
PremixedHail436
0:31 Loom
19:07 Feudal Age
21:43 Wheelbarrow
20:54 Town Watch
22:03 Man-at-Arms
22:29 Arson
24:24 Double-Bit Axe
24:34 Gold Mining
24:57 Stone Mining
25:59 Horse Collar
34:49 Castle Age
33:41 Padded Archer Armor
33:32 Fletching
33:52 Forging
35:35 Scale Mail Armor
35:41 Scale Barding Armor
36:01 Bloodlines
Therien
0:38 Loom
13:44 Feudal Age
15:22 Wheelbarrow
14:40 Horse Collar
15:49 Town Watch
16:46 Man-at-Arms
17:16 Double-Bit Axe
23:25 Gold Mining
23:27 Stone Mining
26:21 Castle Age
27:26 Hand Cart
27:12 Town Patrol
27:33 Bow Saw
30:13 Heavy Plow
31:23 Coinage
30:54 Caravan
Connection lost

Rejoining the realm…

Still unreachable

The connection could not be restored.

Session expired

The server has moved on; the page needs a fresh start.